cohdb
Replays
Latest Replays
All Replays
Popular Replays
Top Player Replays
Match Explorer
How It Works
Community
CoH3 Stats
Reddit
Sign in to upload your games and track your stats! →
Sign in with Steam
Match 25288496
Unlisted
Match 25288496
Overview
Messages
Build Orders
End
Construct Barracks
Riflemen Squad
Riflemen Squad
Riflemen Squad
Riflemen Squad
Grenade Package
Infantry Support Center
Construct Motor Pool
Construct Medical Station
Selects Armored Battlegroup
Selects Veteran Crews
Selects Field Repairs
Selects War Machine
M8 Greyhound Armored Car
Selects Fast Deploy
Riflemen Squad
M1918 Browning Automatic Rifles
Munitions Surplus
Engineer Squad
M8 Greyhound Armored Car
Riflemen Squad
Riflemen Squad
M8 Greyhound Armored Car
M24 Chaffee Light Tank
ConcernedApe
banstyle
0
0
Comments
sign in to comment!
No comments posted yet!